 Dungeon Crawl Stone Soup version 0.31.0-32-g396128a36d (webtiles) character file.

Game seed: 1745816281420780662

175 Silvore the Cudgeller (level 5, -7/46 HPs)
             Began as a Minotaur Fighter on Apr 12, 2024.
             Was an Initiate of the Shining One.
             Mangled by a crocodile zombie (9 damage)
             ... in an ossuary.
             The game lasted 00:02:31 (2140 turns).

Silvore the Cudgeller (Minotaur Fighter)            Turns: 2140, Time: 00:02:33

Health: -7/46      AC: 12    Str: 23    XL:     5   Next: 29%
Magic:  4/4        EV:  6    Int:  5    God:    the Shining One [......]
Gold:   198        SH:  8    Dex:  9    Spells: 4/4 levels left

rFire   . . .        a - +0 flail
rCold   + . .        m - +4 buckler of Quantum Leap {*Slow rC+ Stlth+}
rNeg    . . .        j - +0 plate armour
rPois   .            (helmet restricted)
rElec   .            (no cloak)
rCorr   .            (no gloves)
SInv    .            (no boots)
Will    .....        (no amulet) Stlth
                     (no ring)
HPRegen 0.27/turn    (no ring)
MPRegen 0.09/turn

%: slow self (1%)
@: mighty, glowing
A: horns 2, retaliatory headbutt
a: Renounce Religion


You were in an ossuary.
You worshipped the Shining One.
The Shining One was noncommittal.
You visited 1 branch of the dungeon, and saw 4 of its levels.
You also visited: Ossuary.

You collected 198 gold pieces.

Inventory:

Hand Weapons
 a - a +0 flail (weapon)
Armour
 b - a +0 scale mail
 c - a +0 buckler
 j - a +0 plate armour (worn)
 m - the +4 buckler of Quantum Leap (worn) {*Slow rC+ Stlth+}
   (You found it on level 3 of the Dungeon)

   rC+:       It protects you from cold.
   *Slow:     It may slow you when you take damage.
   Stlth+:    It makes you more stealthy.
Jewellery
 i - a ring of positive energy
Scrolls
 e - 5 scrolls of teleportation
 n - a scroll of summoning
Potions
 h - 2 potions of magic
 k - 2 potions of enlightenment
 l - 2 potions of curing {unknown}


   Skills:
 + Level 4.3 Fighting
 + Level 5.1 Maces & Flails
 + Level 4.5 Armour
 + Level 0.2 Dodging
 + Level 4.2 Shields


You had 4 spell levels left.
You didn't know any spells.
Your spell library contained the following spells:

 Spells                   Type           Power      Damage    Failure   Level
 Slow                     Hex            0%         N/A       100%        1
 Mercury Vapours          Alch/Air       0%         N/A       100%        2
 Confusing Touch          Hex            0%         N/A       100%        3
 Mephitic Cloud           Conj/Alch/Air  0%         N/A       100%        3
 Sigil of Binding         Hex            0%         N/A       100%        3
 Vampiric Draining        Necr           0%         2d6       100%        3
 Freezing Cloud           Conj/Ice/Air   0%         6-21      100%        5


Dungeon Overview and Level Annotations

Branches:
Dungeon (4/15)            Ossuary (1/1)
 Temple: D:4-7

Altars:
Ru
The Shining One

Shops:
D:3 **


Innate Abilities, Weirdness & Mutations

You have a pair of horns on your head.
You reflexively headbutt those who attack you in melee.


Message History

You hit the mummy.
The mummy is moderately damaged.
The centaur zombie hits you but does no damage.
The centaur zombie barely misses you.
The centaur zombie hits you but does no damage.
You block the centaur zombie's attack. x2
The centaur zombie kicks you but does no damage.
The crocodile zombie bites you.
* * * LOW HITPOINT WARNING * * *
The crocodile zombie drags you backwards!
The centaur zombie hits you but does no damage.
The centaur zombie kicks you but does no damage.
The mummy completely misses you.
You feel very mighty all of a sudden.
The centaur zombie hits you but does no damage.
The centaur zombie closely misses you.
The centaur zombie hits you but does no damage.
You block the centaur zombie's attack.
You block the crocodile zombie's attack.
You thump the mummy!
You destroy the mummy!
The Shining One accepts your kill.
The centaur zombie hits you but does no damage.
The centaur zombie kicks you but does no damage.
The centaur zombie hits you but does no damage.
You block the centaur zombie's attack.
The crocodile zombie bites you but does no damage. x2
The centaur zombie hits you.
* * * LOW HITPOINT WARNING * * *
The centaur zombie completely misses you.
The centaur zombie hits you but does no damage.
You block the centaur zombie's attack.
You thump the centaur zombie!
The centaur zombie is severely damaged.
The centaur zombie barely misses you.
The centaur zombie kicks you but does no damage.
You block the centaur zombie's attack.
The centaur zombie kicks you but does no damage.
The crocodile zombie bites you!
You die...

.############
............##
.........Z...#
....∩..∩Z@Z..#
.........Z...#
............##
.############


You could see 2 crocodile zombies and 2 centaur zombies.

Vanquished Creatures
  An orc priest (D:3)
  Jessica (D:3)
  An orc wizard (D:3)
  A mummy (Ossuary)
  A gnoll (D:1)
  2 adders (D:3)
  2 ribbon worms (D:3)
  An orc (D:3)
  5 ball pythons
  3 bats
  4 endoplasms
  2 giant cockroaches
  2 goblins
  5 hobgoblins
  3 jackals (D:3)
  5 quokkas (D:1)
  4 frilled lizards
  3 kobolds
  4 rats (D:1)
50 creatures vanquished.

Notes
Turn   | Place    | Note
-------+----------+-------------------------------------------
     0 | D:1      | Silvore the Minotaur Fighter began the quest for the Orb.
     0 | D:1      | Reached XP level 1. HP: 19/19 MP: 0/0
   112 | D:1      | Reached XP level 2. HP: 27/27 MP: 1/1
   248 | D:1      | Reached skill level 3 in Maces & Flails
   248 | D:1      | Reached XP level 3. HP: 29/33 MP: 2/2
   887 | D:2      | Found a sacrificial altar of Ru.
  1041 | D:2      | Found a faded altar of an unknown god.
  1355 | D:3      | Noticed Jessica
  1365 | D:3      | Killed Jessica
  1366 | D:3      | Reached skill level 4 in Maces & Flails
  1366 | D:3      | Reached XP level 4. HP: 19/40 MP: 3/3
  1450 | D:3      | Found Ahinig's Assorted Antiques.
  1506 | D:3      | Found a glowing golden altar of the Shining One.
  1571 | D:3      | Became a worshipper of the Shining One
  1584 | D:3      | Identified the +4 buckler of Quantum Leap {*Slow rC+
                  | Stlth+}
  1677 | D:3      | Reached skill level 5 in Maces & Flails
  1677 | D:3      | Reached XP level 5. HP: 13/46 MP: 4/4
  1865 | D:3      | Found Kungum's Assorted Antiques.
  2118 | D:4      | Found a sand-covered staircase.
  2127 | Ossuary  | Entered an ossuary
  2139 | Ossuary  | HP: 2/46 [centaur zombie (4)]
  2140 | Ossuary  | Mangled by a crocodile zombie

Illustrated notes

Levels and vault maps discovered:
D:1:      dpeg_arrival_signposts, layout_rooms
D:2:      layout_loops_ring, shapermc_ecumenical_altar_hornbeckon, basic_altar
D:3:      layout_rooms, amcnicky_altar_gilded, serial_shops, shop,
          nicolae_shop_tiny_statue_garden, chequers_serial_rivers_large_a,
          minivault_11, uniq_jessica
D:4:      layout_basic, serial_rivers, chequers_serial_rivers_micro_c,
          chequers_serial_rivers_marsh, chequers_serial_rivers_room_a,
          chequers_serial_rivers_marsh, chequers_serial_rivers_micro_d,
          chequers_serial_rivers_micro_c, mainiacjoe_ossuary_entry_dusty_tomb,
          uniq_natasha
Ossuary:  ossuary_the_hunt_dpeg

Skill      XL: |  1  2  3  4 |
---------------+-------------+-----
Fighting       | 4 |  4.3
Maces & Flails | 3 4 5 |  5.1
Shields        | 4 |  4.2
Armour         | 4 |  4.5
Dodging        | |  0.2

Action                     |  1- 3 |  4- 6 || total
---------------------------+-------+-------++-------
  Melee: Flail             |    58 |    50 ||   108
         Headbutt          |     7 |     5 ||    12
    Use: Scroll            |     5 |     2 ||     7
         Potion            |       |     1 ||     1
 Armour: Scale mail        |    24 |       ||    24
         Plate armour      |     3 |    92 ||    95
  Dodge: Dodged            |    21 |    15 ||    36
  Block: Buckler           |    13 |    26 ||    39
